Construct Section Command Post
Selects Air and Sea Battlegroup
Construct Field Infirmary
Selects Commando Section Paradrop
Commando Section Paradrop
Construct Platoon Command Post
Selects Commando LMG Section Paradrop
Commando LMG Section Paradrop
Unlock M3 Stuart Light Tanks
Construct Company Command Post
Selects Anti-tank Rocket Loiter
Commando LMG Section Paradrop
Selects Centaur Medium Tank
Selects Naval Bombardment
Unlock Towed 17-pounder Anti-tank Guns
17-pounder Anti-tank Gun Team
17-pounder Anti-tank Gun Team
17-pounder Anti-tank Gun Team
Unlock M3 Grant Medium Tanks